Map: Dusk Towers

Players

brent - Winner!

  • Race: Terran Terran
  • League: Grandmaster

Pokebunny

  • Race: Terran Terran
  • League: Grandmaster

VOD

Have the link to the VOD?

Description

Time

  • Played on: April 7, 2016, 10:34 p.m.
  • Length: 5:27
Show
View Real Time Build Order
Export as new Build Order

brent Terran - Winner!

Build Orders: Reaper Expand 

Get SALT Encoding   

  12  0:01  SCV  
  13  0:13  SCV  
  14  0:17  Supply Depot  
  14  0:25  SCV  
  15  0:39  SCV  
  15  0:41  Barracks  
  16  0:46  Refinery  
  16  0:51  SCV  
  17  1:03  SCV  
  18  1:15  SCV  
  19  1:31  Reaper  
  19  1:32  Orbital Command  
  20  1:40  Command Center  
  20  1:47  Supply Depot  
  20  1:58  SCV  
  21  2:03  Barracks Reactor  
  21  2:10  SCV  
  21  2:15  Refinery  
  22  2:22  SCV  
  23  2:23  Barracks  
  23  2:25  Factory  
  23  2:34  SCV  
  24  2:42  Marine x2  
  26  2:46  SCV  
  27  2:57  Orbital Command  
  27  2:58  SCV  
  28  3:00  Marine x2  
  30  3:11  Starport  
  30  3:12  Factory Tech Lab  
  30  3:13  Barracks Tech Lab, SCV  
  31  3:21  Marine x2  
  33  3:29  SCV x2, Bunker  
  35  3:34  Combat Shields  
  35  3:35  Marine  
  36  3:44  Marine x2  
  37  3:51  Refinery  
  37  3:53  Siege Tank  
  40  3:59  Supply Depot  
  40  4:03  Supply Depot  
  40  4:05  Viking  
  40  4:08  Marine  
  40  4:09  Marine  
  44  4:15  SCV  
  43  4:21  Marine  
  43  4:23  SCV  
  45  4:28  Marine x2  
  47  4:32  Siege Tank  
  47  4:34  SCV  
  51  4:40  Marine  
  52  4:46  Viking, Marine  
  52  4:49  SCV  
  47  5:24  Supply Depot  
Show
View Real Time Build Order
Export as new Build Order

Pokebunny Terran 

Build Orders: 1/1/1 

Get SALT Encoding   

  12  0:00  SCV  
  13  0:13  SCV  
  14  0:17  Supply Depot  
  14  0:25  SCV  
  14  0:28  Refinery  
  15  0:39  SCV  
  16  0:45  Barracks  
  16  0:51  SCV  
  17  1:03  SCV  
  18  1:15  SCV  
  19  1:21  Refinery  
  19  1:32  Orbital Command, Marine  
  20  1:34  Factory  
  20  1:38  Supply Depot  
  20  1:50  Marine  
  21  1:58  SCV  
  22  2:08  Barracks Reactor  
  22  2:10  SCV  
  23  2:18  Factory Tech Lab, Starport  
  23  2:21  Supply Depot  
  23  2:22  SCV  
  24  2:37  SCV  
  24  2:38  Siege Tank  
  28  2:49  Marine  
  28  2:50  Marine  
  30  2:54  Medivac  
  32  3:04  SCV  
  33  3:07  Supply Depot  
  33  3:10  Marine x2  
  34  3:15  Siege Tank  
  36  3:26  SCV  
  37  3:28  Marine x2  
  39  3:38  Viking  
  41  3:46  Marine x2  
  43  3:48  Supply Depot  
  43  3:53  SCV, Bunker  
  44  3:58  Siege Tank  
  46  4:05  SCV  
  46  4:10  Marine x2  
  46  4:12  Viking  
  50  4:18  Supply Depot  
  50  4:28  Marine x2  
  55  4:31  Siege Tank  
  49  4:48  Marine x2  
  49  4:52  Viking  
  52  4:53  SCV  
  53  5:06  Marine x2  
Tags
 
Add a new tag
Caveats
  • Supply blocks, unpowered buildings, or Contaminate may cause inaccurate times.
  • Supply counts are checked every 10 seconds.